 Dungeon Crawl Stone Soup version 0.28-a0-43-g560ac104fe (webtiles) character file.

Game seed: 13183521239005233993

55 DasRunzen the Skirmisher (level 4, -1/37 HPs)
             Began as a Formicid Monk on July 28, 2021.
             Succumbed to an adder's poison
             ... on level 2 of the Dungeon.
             The game lasted 00:03:07 (1453 turns).

DasRunzen the Skirmisher (Formicid Monk)            Turns: 1453, Time: 00:03:07

Health: -1/37      AC:  3    Str: 16    XL:     4   Next: 14%
Magic:  4/4        EV: 13    Int:  9    God:
Gold:   41         SH:  0    Dex: 14    Spells: 3/3 levels left

rFire   . . .      SeeInvis +     - Unarmed
rCold   . . .      Faith    .   (no shield)
rNeg    . . .      Spirit   .   a - +0 robe
rPois   .          Reflect  .   (helmet unavailable)
rElec   .          Harm     .   d - +0 cloak
rCorr   .          Rampage  .   (no gloves)
Will    .....                   (no boots)
Stlth   ++........              (no amulet)
HPRegen 0.12/turn               (no ring)
MPRegen 0.09/turn               (no ring)

@: lethally poisoned (-1 -> -11), invisible
A: permanent stasis, dig shafts and tunnels, antennae 3, four strong arms
a: Dig, Shaft Self


You were on level 2 of the Dungeon.
You visited 1 branch of the dungeon, and saw 2 of its levels.

You collected 41 gold pieces.

Inventory:

Missiles
 e - 4 javelins
 g - 5 curare-tipped darts (quivered)
Armour
 a - a +0 robe (worn)
 d - a +0 cloak (worn)
Jewellery
 h - a ring of magical power
Scrolls
 f - a scroll of identify {unknown}
Potions
 c - a potion of heal wounds {unknown}
 i - a potion of curing {unknown}


   Skills:
 + Level 3.7 Fighting
 + Level 0.4 Throwing
 + Level 1.3 Armour
 + Level 3.0 Dodging
 + Level 3.1 Stealth
 + Level 3.3 Unarmed Combat


You had 3 spell levels left.
You didn't know any spells.
Your spell library was empty.

Dungeon Overview and Level Annotations

Branches:
Dungeon (2/15)

Altars:


Innate Abilities, Weirdness & Mutations

You cannot be hasted, slowed, berserked, paralysed or teleported.
You can dig through walls and to a lower floor.
You have a pair of large antennae on your head. (SInv)
Your four strong arms can wield two-handed weapons with a shield.


Message History

You feel sick. The adder bites you but does no damage.
You miss the adder.
The adder is severely wounded.
You feel sick. The adder bites you but does no damage.
You are too injured to fight recklessly!
You barely miss the adder.
The adder is severely wounded.
You feel sick. The adder completely misses you.
You barely miss the adder.
The adder is severely wounded.
You feel sick. The adder barely misses you. The adder misses you.
You barely miss the adder. Your punch misses the adder.
The adder is severely wounded.
You feel sick. The adder barely misses you.
You barely miss the adder.
The adder is severely wounded.
You feel sick. The adder bites you.
You barely miss the adder.
The adder is severely wounded.
You feel sick.
You are no longer poisoned.
The adder bites you.
* * * LOW HITPOINT WARNING * * *
The adder misses you.
You hit the adder but do no damage.
The adder is severely wounded.
The adder bites you.
* * * LOW HITPOINT WARNING * * *
You are poisoned.
The adder poisons you!
You hit the adder but do no damage.
The adder is severely wounded.
You feel sick. The adder bites you.
* * * LOW HITPOINT WARNING * * *
You are more poisoned.
The adder poisons you!
Unknown command.
It was a potion of invisibility.
You fade into invisibility!
You die...

######### #.......#
#.......###### #. #.
#.........# .. #..# #@#
.# #. .....##S# ##.# ##.
#.......# #.. #..
##.####.###.## #..
#...........# #..
#######.##...# #..
#.........<..#########..
#.....#....)....#.......
#.......................


You could see an adder.

Vanquished Creatures
  Terence (D:2)
  3 bats
  4 endoplasms
  A giant cockroach (D:1)
  A goblin (D:1)
  A hobgoblin (D:1)
  3 jackals (D:1)
  A quokka (D:1)
  2 ball pythons (D:1)
  2 frilled lizards
  6 kobolds (D:1)
  3 rats (D:1)
28 creatures vanquished.

Notes
Turn   | Place    | Note
-------+----------+-------------------------------------------
     0 | D:1      | DasRunzen the Formicid Monk began the quest for the Orb.
     0 | D:1      | Reached XP level 1. HP: 18/18 MP: 1/1
   283 | D:1      | Reached XP level 2. HP: 17/24 MP: 2/2
   758 | D:1      | Reached XP level 3. HP: 29/29 MP: 3/3
   762 | D:1      | Reached skill level 1 in Armour
  1368 | D:2      | Noticed Terence
  1381 | D:2      | Killed Terence
  1382 | D:2      | Reached XP level 4. HP: 32/37 MP: 4/4
  1453 | D:2      | Succumbed to an adder's poison

Illustrated notes

Levels and vault maps discovered:
D:1:      erik_arrival_blinker_ship, layout_loops_ring, kennysheep_doodads,
          grunt_decor_arrowhead
D:2:      layout_loops_cross, shapermc_ecumenical_altar_mp_vishouse,
          serial_shops, shop, uniq_terence

Skill      XL: |  1  2  3 |
---------------+----------+-----
Armour         | 1 |  1.3
Stealth        | 3 |  3.1
Dodging        | 3 |  3.0
Fighting       | |  3.7
Throwing       | |  0.4
Unarmed Combat | |  3.3

Action                   |  1- 3 |  4- 6 || total
-------------------------+-------+-------++-------
Melee: Unarmed           |    93 |    20 ||   113
Throw: Dart              |     2 |       ||     2
 Abil: Dig               |     1 |       ||     1
  Use: Potion            |       |     1 ||     1
 Stab: Sleeping          |     6 |     1 ||     7
Armor: Robe              |    19 |     6 ||    25
Dodge: Dodged            |    53 |    13 ||    66

Table legend: (Time is in decaauts)
 A = Elapsed time spent in this place.
 B = Non-inter-level travel time spent in this place.
 C = Inter-level travel time spent in this place.
 D = Time resting spent in this place.
 E = Time spent auto-exploring this place.
 F = Levels seen in this place.
 G = Mean time per level.
                   A        B        C        D        E       F      G
               +--------+--------+--------+--------+--------+-----+--------+
         Total |   1447 |   1352 |     95 |    204 |    868 |   2 |  723.5 |
       Dungeon |   1447 |   1352 |     95 |    204 |    868 |   2 |  723.5 |
               +--------+--------+--------+--------+--------+-----+--------+

Top non-repeatable levels by time:
     D:1: 1167 daAuts
     D:2: 280 daAuts
